 Dungeon Crawl Stone Soup version 0.23-a0-451-g1044d4c (webtiles) character file.

12170 tilp the Impaler (level 11, -7/81 HPs)
             Began as a Merfolk Ice Elementalist on Nov 22, 2018.
             Was an Elder of Makhleb.
             Splashed by an oklob plant's acid (10 damage)
             ... on level 10 of the Dungeon.
             The game lasted 00:49:36 (14581 turns).

tilp the Impaler (Merfolk Ice Elementalist)        Turns: 14581, Time: 00:49:37

Health: -7/81      AC:  8    Str:  8    XL:     11   Next: 89%
Magic:  18/18      EV: 18    Int: 17    God:    Makhleb [****..]
Gold:   524        SH:  0    Dex: 16    Spells: 6/19 levels left

rFire    + . .     SeeInvis .   u - +0 halberd (curse)
rCold    . . .     Gourm    .   (shield currently unavailable)
rNeg     . . .     Faith    .   N - +0 robe {rF+}
rPois    .         Spirit   .   D - +2 hat
rElec    .         Reflect  .   z - +2 cloak
rCorr    .         Harm     .   (no gloves)
MR       .....                  f - +0 pair of boots
Stlth    ++........             (no amulet)
HPRegen  0.23/turn              (no ring)
MPRegen  0.16/turn              (no ring)

@: no status effects
A: change form in water, swift swim, stealthy swim
a: Minor Destruction, Lesser Servant of Makhleb, Major Destruction, Renounce
Religion


You were on level 10 of the Dungeon.
You worshipped Makhleb.
Makhleb was greatly pleased with you.
You were not hungry.

You visited 2 branches of the dungeon, and saw 11 of its levels.

You collected 524 gold pieces.

Inventory:

Hand Weapons
 g - a +3 hunting sling
 u - a cursed +0 halberd (weapon)
 y - a +2 halberd of chopping
 M - a +1 halberd of freezing
Missiles
 b - 2 tomahawks (quivered)
 E - 10 javelins
Armour
 f - a +0 pair of boots (worn)
 p - the +0 pair of fencer's gloves {+Riposte Dex+3}
   (You found it on level 6 of the Dungeon)

   It affects your dexterity (+3).
 x - a +2 scale mail of cold resistance
 z - a +2 cloak (worn)
 D - a +2 hat (worn)
 N - a +0 robe of fire resistance (worn)
Magical Staves
 C - an uncursed staff of air {unknown}
Jewellery
 n - an uncursed ring of wizardry {unknown}
 r - an uncursed ring of magical power {unknown}
 w - a +1 ring of protection {unknown}
 I - a cursed -3 ring of slaying {unknown}
Wands
 h - a wand of digging (6)
 j - a wand of flame (24)
 q - a wand of disintegration (16)
Scrolls
 d - 3 scrolls of enchant weapon
 e - a scroll of magic mapping {unknown}
 i - 6 scrolls of teleportation
 v - a scroll of amnesia {unknown}
 B - a scroll of noise {unknown}
 G - a scroll of silence
 J - a scroll of remove curse {unknown}
 K - a scroll of fog {unknown}
 P - a scroll of vulnerability {unknown}
Potions
 k - a potion of ambrosia
 l - 2 potions of mutation
 o - 2 potions of haste
 t - a potion of agility
 A - a potion of flight
 F - 3 potions of might
 H - a potion of brilliance {unknown}
 L - a potion of lignification
Miscellaneous
 a - a crystal ball of energy
Comestibles
 c - 15 rations
 O - a chunk of flesh


   Skills:
 - Level 6.0 Fighting
 * Level 15.8 Polearms
 - Level 8.2 Dodging
 - Level 2.1 Stealth
 - Level 4.8 Spellcasting
 - Level 3.0 Conjurations
 - Level 2.6 Hexes
 - Level 5.1 Charms
 - Level 3.1 Necromancy
 - Level 6.0 Ice Magic
 + Level 3.6 Invocations
 + Level 3.4 Evocations


You had 6 spell levels left.
You knew the following spells:

 Your Spells              Type           Power        Failure   Level  Hunger
a - Freeze                Ice            ###.         1%          1    None
b - Throw Frost           Conj/Ice       ###...       3%          2    #......
c - Ozocubu's Armour      Chrm/Ice       ###.....     4%          3    ###....
d - Throw Icicle          Conj/Ice       ###.....     22%         4    ####...
e - Apportation           Tloc           #.....       14%         1    None
f - Animate Skeleton      Necr           N/A          4%          1    None
g - Confusing Touch       Hex            ##....       4%          1    None

Your spell library contained the following spells:

 Spells                   Type           Power        Failure   Level  Hunger
 Magic Dart               Conj           ##..         4%          1    None
 Searing Ray              Conj           ##....       6%          2    #......
 Summon Small Mammal      Summ           #...         14%         1    None
 Dazzling Spray           Conj/Hex       ##....       14%         3    ###....
 Iskenderun's Mystic Bla  Conj           ##......     38%         4    ####...
 Summon Ice Beast         Ice/Summ       ##......     38%         4    ####...
 Fulminant Prism          Conj/Hex       ##........   41%         4    ####...
 Force Lance              Conj/Tloc      #.......     61%         4    ####...


Dungeon Overview and Level Annotations

Branches:
Dungeon (10/15)            Temple (1/1) D:5            Lair (0/6) D:10
    Orc: D:9-12

Altars:
Ashenzari
Cheibriados
Dithmenos
Elyvilon
Fedhas
Gozag
Hepliaklqana
Kikubaaqudgha
Makhleb
Nemelex Xobeh
Okawaru
Qazlal
Ru
Sif Muna
Trog
Uskayaw
Vehumet
Wu Jian
Xom
Yredelemnul
Zin
The Shining One

Annotations:
D:2 Sigmund
D:4 Grinder, Pikel
D:8 exclusions: 3 killer bees and two-headed ogre
D:10 exclusion: oklob plant


Message History

The yak barely resists.
The yak misses you.
As you read the scroll of fear, it crumbles to dust.
You assume a fearsome visage.
The yak looks frightened! x2
Attack whom?
Press: ? - help, Dir - move target cursor, f/p - yak
Aim: a yak (heavily wounded, fleeing)
You reach to attack!
You hit the yak but do no damage.
Your attack snaps the yak out of its fear.
The yak is heavily wounded.
Attack whom?
Press: ? - help, Dir - move target cursor, f/p - yak
Aim: a yak (heavily wounded, fleeing)
You reach to attack!
You barely miss the yak.
The yak is heavily wounded.
Really walk into a travel-excluded area?
The oklob plant spits acid at you. The splash of acid hits you!
* * * LOW HITPOINT WARNING * * *
You are splashed with acid!
The acid burns!
You die...

# #>##≈.PP>PP.≈##.# # ..
#.##.##..PPPP...##.### ##.#
#.....#.##PPP##.##+#..
....###########.##..#...#..#.....
........).....#.#.#...≈...#....<.
.....########.#.#....###.........
.....# #.#...............#..
.....########.###.....#.#####.##.
.........†...Y..@.......# #....
.....########.###.....### #.##.
..........# #.# #....># #.###
##....###.###.# #.....#########
......#.÷..##.########........#
##....#....##........#..).....#
......#....###########........##
#.##.####.## #.........# #.##.#
#.# #.........#


You could see an oklob plant and a yak.

Vanquished Creatures
  2 hippogriffs (D:7)
  4 yaks (D:10)
  2 hungry ghosts
  2 soldier ants (D:8)
  An acid dragon (D:7)
  4 orc warriors
  3 ice beasts
  2 sky beasts (D:5)
  5 ogres
  4 phantoms
  2 centaurs (D:7)
  A crocodile (D:10)
  4 big kobolds
  3 bullfrogs
  4 scorpions
  A wyvern skeleton (D:6)
  4 killer bees (D:8)
  7 wights
  2 howler monkeys
  10 crimson imps
  2 centaur zombies
  A quasit (D:10)
  A bullfrog zombie (D:9)
  9 orc priests
  5 hounds
  8 orc wizards
  2 bullfrog skeletons
  2 iguanas
  5 worker ants
  2 killer bee zombies
  2 howler monkey zombies
  2 worker ant zombies
  16 gnolls
  A howler monkey skeleton (D:5)
  14 adders
  3 shadow imps
  2 adder skeletons (D:4)
  6 worms
  2 dart slugs
  2 leopard geckos
  38 orcs
  7 bats
  4 giant cockroaches
  3 goblins
  4 hobgoblins
  10 jackals
  5 quokkas
  2 ball pythons
  6 frilled lizards
  2 jackal zombies
  25 kobolds
  3 rats
263 creatures vanquished.

Vanquished Creatures (others)
  A bullfrog (D:10)
  A quokka (D:3)
  A bat (D:3)
3 creatures vanquished.

Grand Total: 266 creatures vanquished

Notes
Turn   | Place    | Note
-------+----------+-------------------------------------------
     0 | D:1      | tilp the Merfolk Ice Elementalist began the quest for the
                  | Orb.
     0 | D:1      | Reached XP level 1. HP: 13/13 MP: 3/3
   330 | D:1      | Reached XP level 2. HP: 16/19 MP: 0/5
   334 | D:1      | Learned a level 2 spell: Throw Frost
   980 | D:2      | Reached XP level 3. HP: 20/24 MP: 0/6
  1141 | D:2      | Noticed Sigmund
  1351 | D:2      | Reached skill level 5 in Ice Magic
  1581 | D:2      | Learned a level 3 spell: Ozocubu's Armour
  1599 | D:2      | Reached skill level 1 in Polearms
  1599 | D:2      | Reached XP level 4. HP: 20/30 MP: 1/7
  2051 | D:3      | Reached skill level 2 in Polearms
  2351 | D:3      | Reached XP level 5. HP: 35/35 MP: 6/8
  2427 | D:3      | Reached skill level 3 in Polearms
  3157 | D:3      | Found a radiant altar of Vehumet.
  3258 | D:3      | Found a hazy altar of Hepliaklqana.
  3391 | D:3      | Reached skill level 4 in Polearms
  3914 | D:4      | Found a sparkling altar of Nemelex Xobeh.
  4039 | D:4      | Reached skill level 5 in Polearms
  4039 | D:4      | Reached XP level 6. HP: 19/42 MP: 4/9
  4166 | D:4      | Reached skill level 1 in Fighting
  4468 | D:4      | Noticed a slave
  4626 | D:4      | Learned a level 1 spell: Apportation
  5025 | D:4      | Reached skill level 6 in Polearms
  5025 | D:4      | Reached XP level 7. HP: 31/49 MP: 3/10
  5166 | D:4      | Noticed Pikel
  5384 | D:4      | Noticed Grinder
  5387 | D:5      | Entered Level 5 of the Dungeon
  5521 | D:5      | Reached skill level 7 in Polearms
  5869 | D:5      | Found a glowing silver altar of Zin.
  5896 | D:5      | Reached skill level 8 in Polearms
  6180 | D:5      | Found a staircase to the Ecumenical Temple.
  6189 | Temple   | Entered the Ecumenical Temple
  6199 | Temple   | Became a worshipper of Makhleb the Destroyer
  6377 | D:5      | Reached skill level 9 in Polearms
  6377 | D:5      | Reached XP level 8. HP: 9/57 MP: 11/11
  7060 | D:5      | Reached skill level 10 in Polearms
  7188 | D:5      | Found a shimmering altar of Xom.
  7445 | D:5      | Found a glowing golden altar of the Shining One.
  7460 | D:5      | Found a shadowy altar of Dithmenos.
  7549 | D:5      | Reached skill level 5 in Dodging
  8005 | D:5      | Found an iron altar of Okawaru.
  8067 | D:6      | Reached skill level 11 in Polearms
  8126 | D:6      | Found the +0 pair of fencer's gloves {+Riposte Dex+3}
  8147 | D:6      | Reached * piety under Makhleb
  8439 | D:6      | Found an opulent altar of Gozag.
  8504 | D:6      | Reached XP level 9. HP: 48/65 MP: 0/12
  8631 | D:6      | Reached skill level 12 in Polearms
  8990 | D:6      | Learned a level 4 spell: Throw Icicle
  8992 | D:6      | Learned a level 1 spell: Animate Skeleton
  9046 | D:6      | Reached skill level 1 in Conjurations
  9085 | D:7      | Reached skill level 1 in Charms
  9108 | D:7      | Reached skill level 13 in Polearms
  9672 | D:7      | Reached ** piety under Makhleb
 10541 | D:7      | Reached skill level 14 in Polearms
 10541 | D:7      | Reached XP level 10. HP: 30/71 MP: 5/15
 10973 | D:8      | Found a sacrificial altar of Ru.
 10979 | D:8      | Noticed a two-headed ogre
 11418 | D:8      | Found an iron altar of Okawaru.
 12230 | D:8      | Reached skill level 1 in Invocations
 12235 | D:8      | Reached skill level 1 in Evocations
 12884 | D:9      | Reached *** piety under Makhleb
 12928 | D:9      | Found a blossoming altar of Fedhas.
 13020 | D:9      | Reached skill level 15 in Polearms
 13524 | D:10     | Entered Level 10 of the Dungeon
 13859 | D:10     | Learned a level 1 spell: Confusing Touch
 14089 | D:10     | Reached skill level 5 in Charms
 14089 | D:10     | Reached XP level 11. HP: 81/81 MP: 16/18
 14121 | D:10     | Found a staircase to the Lair.
 14121 | D:10     | Noticed an oklob plant
 14353 | D:10     | Reached **** piety under Makhleb
 14581 | D:10     | HP: 3/81 [oklob plant/splash of acid (13)]
 14581 | D:10     | Splashed by an oklob plant's acid

Vault maps used:
D:1:      dpeg_arrival_arbitrary_b, serial_glass, glass_columns_c,
          glass_columns_b, feat_on_display, feat_on_display, feat_on_display
D:2:      uniq_sigmund
D:3:      nicolae_overflow_crystal_walls, fiery_altar_vehumet
D:4:      nicolae_overflow_hidden_temple, minmay_between, uniq_pikel,
          uniq_grinder
D:5:      zin_statuary, nicolae_overflow_quartered_altars,
          minmay_temple_entry_arrows, serial_co_window_serial,
          co_window_corner_a, co_window_cross_1, co_window_paths_a,
          co_window_corner_a, co_window_paths_a, co_window_paths_b,
          co_window_paths_a, co_window_corner_cb, co_window_2corner,
          co_window_unsneaky_path_e, co_window_corner_b, co_window_2corner,
          co_window_unsneaky_path_e, glass_columns_b, glass_columns_b,
          glass_columns_b, glass_columns_a, glass_columns_b, first_ration
D:6:      nicolae_gozag_cash_rules_everything_around_me,
          kennysheep_generic_room_14
D:7:      minmay_opposing_rooms
D:8:      kennysheep_mini, hangedman_pestilent_swarm, nicolae_zen_rock_garden,
          okawaru_metal_pillars_1_2
D:9:      overflow_temple_1_default
D:10:     dpeg_oklobed_lair, nicolae_blasting_shop
Temple:   jpeg_temple_clearing

Skill      XL: |  1  2  3  4  5  6  7  8  9 10 |
---------------+-------------------------------+-----
Ice Magic      | 4 5 6 |  6.0
Polearms       | 1 2 5 6 9 11 14 15 | 15.8
Dodging        | 3 4 6 8 |  8.2
Fighting       | 1 2 4 6 |  6.0
Conjurations   | 2 3 |  3.0
Charms         | 3 5 |  5.1
Spellcasting   | 3 4 |  4.8
Invocations    | 3 |  3.6
Evocations     | 3 |  3.4
Hexes          | 2 |  2.6
Necromancy     | 3 |  3.1
Stealth        | |  2.1

Action                   |  1- 3 |  4- 6 |  7- 9 | 10-12 || total
-------------------------+-------+-------+-------+-------++-------
Melee: Short sword       |    22 |    10 |       |       ||    32
       Spear             |       |    23 |    14 |       ||    37
       Halberd           |       |       |   331 |   431 ||   762
Throw: Stone             |     4 |     3 |     1 |       ||     8
       Tomahawk          |       |       |     6 |     4 ||    10
 Cast: Freeze            |    49 |   110 |   118 |    56 ||   333
       Ozocubu's Armour  |       |     4 |    35 |    27 ||    66
       Throw Frost       |       |     1 |    18 |     8 ||    27
       Apportation       |       |     1 |     1 |       ||     2
Invok: Minor Destruction |       |       |       |     3 ||     3
Evoke: Wand              |       |       |       |     4 ||     4
  Use: Scroll            |       |     2 |     8 |     6 ||    16
       Potion            |       |       |     3 |     4 ||     7
 Stab: Sleeping          |     5 |     5 |     1 |     1 ||    12
       Distracted        |     1 |       |     3 |     2 ||     6
  Eat: Chunk             |     3 |    10 |    17 |    12 ||    42
       Ration            |       |     1 |     3 |     2 ||     6
Armor: Robe              |     3 |    13 |    82 |    79 ||   177
       Skin              |       |       |    13 |    25 ||    38
Dodge: Dodged            |    31 |    60 |   234 |   265 ||   590

Table legend:
 A = Non-vault XP
 B = Vault XP
 C = Vault XP percentage of total XP
 D = Non-vault monster count
 E = Vault monster count
 F = Vault count percentage of total count
                 A         B        C        D         E       F
            +---------+---------+-------+---------+---------+-------
      Total |    8065 |    1256 |  13.5 |     248 |      15 |   5.7
            +---------+---------+-------+---------+---------+-------
        D:1 |      37 |       0 |   0.0 |      14 |       0 |   0.0
        D:2 |      87 |       0 |   0.0 |      28 |       0 |   0.0
        D:3 |     178 |       0 |   0.0 |      23 |       0 |   0.0
        D:4 |     475 |      16 |   3.3 |      19 |       2 |   9.5
        D:5 |    1194 |       0 |   0.0 |      35 |       0 |   0.0
        D:6 |     867 |     129 |  13.0 |      22 |       1 |   4.3
        D:7 |    1220 |     748 |  38.0 |      26 |       8 |  23.5
        D:8 |     967 |     363 |  27.3 |      25 |       4 |  13.8
        D:9 |    1083 |       0 |   0.0 |      28 |       0 |   0.0
       D:10 |    1957 |       0 |   0.0 |      28 |       0 |   0.0
            +---------+---------+-------+---------+---------+-------
